Map: 戰意高昂之境 - 天梯版

Players

Nice

  • Race: Protoss Protoss
  • Spawn Location: 11:00

Snute - Winner!

  • Race: Zerg Zerg
  • Spawn Location: 5:00

Event: WCS Austin 2018

VOD

Have the link to the VOD?

Description

Time

  • Played on: June 1, 2018, 5:07 p.m.
  • Length: 10:28

All games in this series

Show
View Real Time Build Order
Export as new Build Order

Nice Protoss 

Build Orders: 1 Gate Expand, Oracle Opening, Phoenix Opening, Archon Immortal 

Get SALT Encoding   

  12  0:00  Probe  
  13  0:12  Probe  
  14  0:20  Pylon  
  14  0:24  Probe  
  15  0:35  Probe  
  15  0:39  Gateway  
  16  0:43  Probe  
  16  0:49  Assimilator  
  17  0:52  Probe  
  18  1:05  Probe  
  19  1:17  Probe  
  20  1:25  Nexus  
  20  1:35  Cybernetics Core  
  20  1:38  Probe  
  21  1:44  Assimilator  
  21  1:50  Probe  
  21  1:52  Pylon  
  22  2:02  Adept, Probe  
  23  2:14  Probe  
  26  2:21  Stargate, Adept  
  26  2:26  Probe  
  29  2:35  Warp Gate  
  29  2:37  Probe  
  29  2:38  Probe  
  31  2:49  Probe, Pylon  
  31  2:50  Probe  
  33  2:54  Adept  
  35  2:58  Phoenix  
  35  3:01  Probe  
  35  3:02  Probe  
  39  3:16  Probe x2  
  41  3:21  Oracle  
  41  3:22  Adept  
  41  3:28  Gateway  
  42  3:36  Gateway  
  42  3:42  Adept  
  42  3:44  Probe  
  40  3:50  Pylon  
  42  3:57  Pylon  
  42  3:58  Probe  
  42  4:01  Probe  
  35  4:09  Adept  
  34  4:11  Probe  
  34  4:14  Probe  
  35  4:22  Probe  
  35  4:23  Probe  
  36  4:30  Oracle, Probe  
  40  4:33  Probe  
  42  4:41  Probe  
  42  4:42  Probe  
  43  4:48  Adept  
  43  4:50  Probe  
  46  4:54  Probe  
  48  5:01  Probe  
  48  5:05  Probe  
  50  5:07  Oracle  
  50  5:13  Probe x2  
  55  5:21  Nexus  
  55  5:25  Pylon  
  55  5:26  Probe  
  57  5:32  Twilight Council  
  56  5:38  Robotics Facility  
  56  5:51  Adept x2  
  59  6:02  Gateway  
  59  6:03  Gateway  
  59  6:09  Dark Shrine  
  59  6:11  Probe x2  
  59  6:13  Assimilator, Warp Prism  
  59  6:14  Assimilator  
  59  6:17  Shield Battery  
  61  6:21  Pylon  
  63  6:29  Pylon  
  63  6:30  Pylon  
  63  6:34  Pylon  
  63  6:39  Immortal  
  63  6:45  Probe x2  
  62  6:49  Adept x2  
  62  6:54  Shield Battery  
  70  6:57  Probe x2  
  70  7:06  Immortal  
  66  7:12  Zealot  
  64  7:21  Dark Templar x3  
  66  7:24  Pylon  
  66  7:36  Charge  
  66  7:37  Dark Templar  
  65  7:41  Immortal  
  55  7:56  Dark Templar  
  57  8:00  Probe x2  
  59  8:10  Warp Prism  
  59  8:12  Gateway, Probe x2  
  61  8:13  Gateway  
  61  8:17  Pylon  
  61  8:18  Pylon  
  61  8:23  Archon x2  
  63  8:35  Zealot x2  
  63  8:37  Immortal  
  68  8:52  Templar Archives  
  68  9:00  Nexus  
  66  9:05  Zealot  
  66  9:07  Pylon  
  68  9:15  Observer  
  69  9:18  Zealot x2  
  69  9:19  Zealot  
  75  9:24  Gateway  
  75  9:30  Gateway  
  75  9:36  Dark Templar  
  77  9:39  High Templar x2  
  77  9:42  Zealot  
  77  9:43  Archon  
  83  9:46  Immortal  
  87  10:02  Probe x2  
  87  10:05  Dark Templar  
  91  10:08  Zealot  
  91  10:11  Zealot x2  
Show
View Real Time Build Order
Export as new Build Order

Snute Zerg - Winner!

Build Orders: Hatch First 

Get SALT Encoding   

  12  0:00  Drone  
  13  0:12  Overlord  
  13  0:16  Drone  
  14  0:30  Drone x2  
  16  0:48  Hatchery  
  15  0:51  Drone  
  15  0:54  Drone  
  17  0:58  Drone  
  17  1:03  Extractor  
  17  1:16  Spawning Pool  
  17  1:17  Drone  
  17  1:21  Drone  
  18  1:27  Drone  
  19  1:38  Overlord  
  19  1:49  Drone  
  20  2:00  Drone x2  
  22  2:02  Queen  
  22  2:04  Queen  
  26  2:10  Metabolic Boost  
  26  2:14  Drone  
  27  2:17  Drone  
  27  2:22  Zergling x4  
  30  2:32  Zergling x2  
  30  2:33  Overlord  
  31  2:45  Drone x2  
  31  2:48  Hatchery  
  32  2:55  Zergling x4  
  34  3:04  Zergling x4  
  36  3:05  Queen  
  36  3:11  Zergling x6  
  41  3:24  Overlord  
  41  3:26  Drone x3  
  43  3:27  Drone  
  43  3:30  Overlord  
  43  3:38  Drone x2  
  43  3:50  Drone x2  
  43  3:53  Queen  
  43  3:54  Queen  
  48  4:00  Drone x3  
  51  4:07  Drone x3  
  51  4:10  Drone  
  51  4:14  Drone x2  
  50  4:18  Queen  
  50  4:19  Spore Crawler  
  50  4:21  Drone  
  52  4:24  Drone x2  
  52  4:30  Spore Crawler  
  53  4:31  Spore Crawler  
  53  4:37  Drone x5  
  57  4:41  Overlord  
  57  4:43  Drone  
  58  4:48  Overlord  
  58  4:59  Roach Warren  
  57  5:00  Drone x6  
  57  5:01  Extractor  
  62  5:09  Drone  
  62  5:10  Zergling x2  
  62  5:11  Zergling x10  
  69  5:20  Overlord  
  69  5:21  Overlord  
  69  5:29  Hatchery  
  69  5:35  Drone x2  
  68  5:40  Roach x6  
  68  5:41  Roach  
  82  5:43  Zergling x6  
  82  5:44  Zergling x4  
  82  5:47  Queen  
  89  5:56  Zergling x6  
  89  5:58  Overlord x3  
  89  6:03  Overlord  
  89  6:10  Overlord  
  89  6:16  Overlord, Drone, Queen x2  
  89  6:17  Drone x3  
  97  6:24  Ravager x3  
  100  6:26  Drone x4  
  100  6:28  Drone  
  104  6:35  Drone  
  104  6:36  Drone  
  104  6:38  Extractor  
  104  6:39  Drone, Extractor  
  105  6:40  Evolution Chamber  
  105  6:44  Drone x4  
  105  6:46  Spore Crawler  
  107  6:50  Zergling x2  
  107  6:51  Zergling x2  
  105  6:57  Zergling x2  
  105  6:58  Queen x2  
  105  7:00  Spore Crawler  
  103  7:03  Zergling x2  
  103  7:04  Zergling x4  
  103  7:18  Zergling x10  
  103  7:19  Queen  
  110  7:23  Spore Crawler  
  110  7:25  Ravager  
  110  7:28  Spore Crawler  
  103  7:30  Drone  
  103  7:31  Drone x5  
  103  7:33  Queen  
  108  7:39  Drone x6  
  108  7:40  Spore Crawler  
  110  7:47  Zergling x8  
  110  7:48  Zergling x4  
  107  7:53  Zergling x2  
  91  8:02  Queen  
  91  8:03  Drone  
  91  8:05  Lair  
  91  8:09  Roach x6, Extractor  
  91  8:12  Spore Crawler  
  101  8:14  Spore Crawler  
  101  8:15  Roach  
  101  8:16  Roach  
  101  8:18  Roach x2  
  108  8:21  Zerg Missile Weapons Level 1  
  108  8:23  Roach x6  
  120  8:30  Roach x3  
  126  8:39  Roach x3  
  132  8:43  Roach x3  
  132  8:44  Roach  
  132  8:46  Zergling x8  
  132  8:48  Extractor  
  143  8:51  Overlord x2  
  143  8:54  Zergling x2  
  144  9:01  Overlord  
  142  9:04  Overseer x2  
  142  9:05  Glial Reconstitution  
  142  9:06  Zergling x4  
  142  9:09  Overlord  
  144  9:16  Roach x5  
  154  9:19  Zergling x2  
  154  9:20  Zergling x14  
  162  9:28  Overlord  
  162  9:29  Zergling x6  
  165  9:38  Overlord  
  165  9:42  Extractor  
  165  9:43  Roach  
  165  9:44  Roach x5  
  176  9:49  Roach  
  176  9:50  Roach x3  
  184  9:57  Baneling Nest  
  184  9:59  Hydralisk Den  
  181  10:00  Ravager  
  181  10:01  Zergling x14  
  184  10:08  Extractor  
Tags
 
Add a new tag
Caveats
  • Supply blocks, unpowered buildings, or Contaminate may cause inaccurate times.
  • Supply counts are checked every 10 seconds.